 Dungeon Crawl Stone Soup version 0.32-a0-132-g2d33c3cfaf (webtiles) character file.

Game seed: 3788876068877196382

50 Luihuable the Trooper (level 3, 0/33 HPs)
             Began as a Hill Orc Berserker on Feb 9, 2024.
             Was a Believer of Trog.
             Slain by a ball python (1 damage)
             ... on level 2 of the Dungeon.
             The game lasted 00:01:10 (1091 turns).

Luihuable the Trooper (Hill Orc Berserker)          Turns: 1091, Time: 00:01:11

Health: 0/33       AC:  2    Str: 21    XL:     3   Next: 79%
Magic:  3/3        EV:  9    Int:  7    God:    Trog [**....]
Gold:   81         SH:  0    Dex: 10    Spells: 2/2 levels left

rFire   . . .        a - +0 spear
rCold   . . .        (no shield)
rNeg    . . .        b - +0 animal skin
rPois   .            (no helmet)
rElec   .            (no cloak)
rCorr   .            (no gloves)
SInv    .            (no boots)
Will    .....        (no amulet)
Stlth   +            (no ring)
HPRegen 0.25/turn    (no ring)
MPRegen 0.08/turn

%: no passive effects
@: lethally poisoned (0 -> -1), constricted
A: no striking features
a: Renounce Religion, Berserk, Trog's Hand


You were on level 2 of the Dungeon.
You worshipped Trog.
Trog was pleased with you.
You visited 1 branch of the dungeon, and saw 2 of its levels.

You collected 81 gold pieces.

Inventory:

Hand Weapons
 a - a +0 spear (weapon)
Armour
 b - a +0 animal skin (worn)
Scrolls
 c - 4 scrolls of identify {unknown}
 f - a scroll of enchant armour {unknown}
Potions
 d - a potion of might {unknown}
 g - a potion of magic {unknown}
 h - a potion of lignification {unknown}


   Skills:
 + Level 4.2 Fighting
 + Level 3.8 Polearms
 + Level 2.9 Armour
 + Level 2.1 Dodging


You had 2 spell levels left.
You didn't know any spells.
Your spell library was empty.

Dungeon Overview and Level Annotations

Branches:
Dungeon (2/15)

Altars:


Message History

The adder is moderately wounded.
The ball python hisses angrily.
The adder bites you.
You are poisoned.
The adder poisons you!
A ball python comes into view.
You hit the adder.
The adder is almost dead.
You feel sick. The adder barely misses you.
You barely miss the adder.
The adder is almost dead.
You feel sick. The adder closely misses you. x2
You hit the adder but do no damage.
The adder is almost dead.
You feel sick. The adder barely misses you.
You hit the adder.
You kill the adder!
Trog accepts your kill.
You feel sick. The ball python barely misses you.
The ball python completely misses you. The orc hits you with a +0 mace!
You are too injured to fight recklessly!
You are too injured to fight recklessly!
You are too injured to fight recklessly!
Unknown command.
You are too injured to fight recklessly!
The air fills with toxic fumes!
As you read the scroll labelled ELATSA QORIB TIT, it crumbles to dust.
It was a scroll of poison.
You feel sick. The ball python bites you. The ball python closely misses you.
The orc hits you with a +0 mace.
* * * LOW HITPOINT WARNING * * *
You hit the orc.
The orc is lightly wounded.
You feel sick. The ball python bites you.
* * * LOW HITPOINT WARNING * * *
The ball python grabs you. The ball python constricts you.
* * * LOW HITPOINT WARNING * * *
The orc hits you with a +0 mace.
* * * LOW HITPOINT WARNING * * *
The ball python bites you.
You die...

#§§##
#§§§§
##§§§§
§§§§§§#
§§§§§§§
§§§§§§§
§§§§§§§##
§§§§§S§@##
######§oS#
#.§§§§§§§#
#§§§§w##§#
#§§§§§# §#
#§§§§§# #
#§§§§§§
.§§§§§§§
.......


You could see a dart slug, an orc and 2 ball pythons.

Vanquished Creatures
  A gnoll (D:1)
  An adder (D:2)
  A dart slug (D:1)
  3 ball pythons (D:1)
  An endoplasm (D:1)
  2 giant cockroaches (D:1)
  3 goblins (D:1)
  2 hobgoblins (D:1)
  4 jackals (D:1)
  3 quokkas (D:1)
  A bat (D:1)
  A frilled lizard (D:1)
  3 kobolds (D:1)
  A rat (D:1)
27 creatures vanquished.

Notes
Turn   | Place    | Note
-------+----------+-------------------------------------------
     0 | D:1      | Luihuable the Hill Orc Berserker began the quest for the
                  | Orb.
     0 | D:1      | Reached XP level 1. HP: 19/19 MP: 1/1
   127 | D:1      | Reached XP level 2. HP: 27/27 MP: 2/2
   435 | D:1      | Reached skill level 4 in Fighting
   545 | D:1      | Found a faded altar of an unknown god.
   584 | D:1      | Reached XP level 3. HP: 33/33 MP: 3/3
   710 | D:1      | Reached ** piety under Trog
  1091 | D:2      | HP: 1/33 [orc/+0 mace (4)]
  1091 | D:2      | Slain by a ball python

Illustrated notes

Levels and vault maps discovered:
D:1:      lightli_arrival_chessboard, layout_loops_corners,
          shapermc_ecumenical_altar_mp_vishouse, minmay_bisected
D:2:      layout_basic, serial_shops, shop_fountains, serial_bayou_pond_e,
          minmay_pentomino_r2, uniq_terence, uniq_jessica

Skill      XL: |  1  2  3 |
---------------+----------+-----
Fighting       | 4 |  4.2
Dodging        | 2 |  2.1
Polearms       | |  3.8
Armour         | |  2.9

Action                     || total
---------------------------++-------
  Melee: Spear             ||    87
         Punch             ||     1
    Use: Scroll            ||     1
   Stab: Sleeping          ||     2
 Armour: Animal skin       ||    30
  Dodge: Dodged            ||    42

Table legend: (Time is in decaauts)
 A = Elapsed time spent in this place.
 B = Non-inter-level travel time spent in this place.
 C = Inter-level travel time spent in this place.
 D = Time resting spent in this place.
 E = Time spent auto-exploring this place.
 F = Levels seen in this place.
 G = Mean time per level.
                   A        B        C        D        E       F      G
               +--------+--------+--------+--------+--------+-----+--------+
         Total |   1083 |    999 |     84 |      0 |    853 |   2 |  541.5 |
       Dungeon |   1083 |    999 |     84 |      0 |    853 |   2 |  541.5 |
               +--------+--------+--------+--------+--------+-----+--------+

Top non-repeatable levels by time:
     D:1: 1075 daAuts
     D:2: 8 daAuts
